 Dungeon Crawl Stone Soup version 0.31-a0-833-gc15d34cb79 (webtiles) character file.

Game seed: 17621781645413808

83 Bravepunisher the Ducker (level 4, -8/25 HPs)
             Began as a Spriggan Monk on Sept 25, 2023.
             Mangled by an orc
             ... wielding a +0 hand axe
              (19 damage)
             ... on level 4 of the Dungeon.
             The game lasted 00:03:48 (1313 turns).

Bravepunisher the Ducker (Spriggan Monk)            Turns: 1313, Time: 00:03:49

Health: -8/25      AC:  3    Str:  7    XL:     4   Next: 22%
Magic:  5/5        EV:  4    Int: 11    God:
Gold:   131        SH:  0    Dex: 19    Spells: 3/3 levels left

rFire   . . .        d - +2 rapier (venom)
rCold   . . .        (no shield)
rNeg    . . .        b - +0 robe
rPois   .            (helmet restricted)
rElec   .            j - +0 cloak
rCorr   .            (gloves unavailable)
SInv    +            (boots unavailable)
Will    .....        (no amulet)
Stlth   +            (no ring)
HPRegen 0.24/turn    (no ring)
MPRegen 0.09/turn

%: no passive effects
@: confused, sleeping, ambrosia-drunk, very quick
A: very small, no large weapons, unfitting armour, see invisible, speed 3
a: no special abilities


You were on level 4 of the Dungeon.
You visited 1 branch of the dungeon, and saw 4 of its levels.

You collected 131 gold pieces.

Inventory:

Hand Weapons
 a - a +0 short sword
 d - a +2 rapier of venom (weapon)
Armour
 b - a +0 robe (worn)
 j - a +0 cloak (worn)
Jewellery
 f - an amulet of the acrobat
Wands
 i - a wand of flame (13)
Scrolls
 e - a scroll of identify {unknown}
 h - a scroll of blinking {unknown}
Potions
 g - a potion of cancellation


   Skills:
 * Level 3.7 Fighting
 - Level 3.2 Short Blades
 + Level 5.1 Dodging


You had 3 spell levels left.
You didn't know any spells.
Your spell library was empty.

Dungeon Overview and Level Annotations

Branches:
Dungeon (4/15)
 Temple: D:4-7

Altars:


Innate Abilities, Weirdness & Mutations

You are very small and have problems with some larger weapons.
You are too small for most types of armour.
You have supernaturally acute eyesight. (SInv)
You cover ground extremely quickly. (Speed+++)


Message History

You see here a +0 short sword.
You closely miss the orc. The orc barely misses you. The sleepcap misses you.
You puncture the orc!
You kill the orc!
The sleepcap releases spores at you but does no damage.
You hit the orc wizard.
The orc wizard is poisoned.
The orc wizard is moderately wounded.
The sleepcap completely misses you.
The orc wizard points at you and mumbles some strange words.
The magic dart hits you.
You hit the orc wizard.
The orc wizard looks as sick as possible!
The orc wizard is heavily wounded.
The sleepcap releases spores at you! The orc wizard closely misses you.
You hit the orc wizard but do no damage.
The orc wizard looks as sick as possible!
You punch the orc wizard, but do no damage.
The orc wizard is severely wounded.
The orc wizard points at you and mumbles some strange words.
The magic dart hits you.
* * * LOW HITPOINT WARNING * * *
The sleepcap barely misses you.
It was a potion of cancellation.
You feel magically purged.
You kill the orc wizard!
The sleepcap completely misses you.
The iguana hisses menacingly.
Your Dodging skill increases to level 5!
You have reached level 4!
You are confused.
You feel invigorated. The sleepcap closely misses you.
The orc completely misses you.
Unknown command.
You bump into the stone wall.
The orc barely misses you. The sleepcap releases spores at you.
You are engulfed in a cloud of soporific spores!
You fall asleep.
The adder hisses angrily.
The orc hits you with a +0 hand axe!!
Ouch! That really hurt!
You die...

###### ##...##
#....# ..... #....#
..8($ ######....#
... ..........# .l.
######.#### #O# ####
#.### #h#
...###...#####.#f#
...'.......^...#@# #
...######..#####o##
.## ...#
##.####.Jo## .g.#
...#
#..##..?gS#####..o..
...#
##.##..8......o.o8oS
...#
#.##.....##'##....
#### #..##...###.##
. ##..#####
#..######.
##.....####........


You could see an ogre, a sleepcap, an iguana, a hound, a jelly, an adder, 2 orcs
and a hobgoblin.

Vanquished Creatures
  An orc wizard (D:4)
  2 adders
  2 worms (D:2)
  2 orcs
  2 endoplasms
  2 giant cockroaches (D:3)
  A hobgoblin (D:2)
  11 kobolds
  3 quokkas
  A ball python (D:4)
  3 bats
  3 frilled lizards
  A goblin (D:3)
  A rat (D:3)
35 creatures vanquished.

Notes
Turn   | Place    | Note
-------+----------+-------------------------------------------
     0 | D:1      | Bravepunisher the Spriggan Monk began the quest for the
                  | Orb.
     0 | D:1      | Reached XP level 1. HP: 11/11 MP: 2/2
    97 | D:1      | Found a faded altar of an unknown god.
   251 | D:2      | Reached XP level 2. HP: 12/16 MP: 3/3
   558 | D:3      | Reached XP level 3. HP: 20/20 MP: 4/4
  1297 | D:4      | Noticed an ogre
  1311 | D:4      | Reached skill level 5 in Dodging
  1311 | D:4      | Reached XP level 4. HP: 6/25 MP: 5/5
  1313 | D:4      | Mangled by an orc

Illustrated notes

Levels and vault maps discovered:
D:1:      tarquinn_simple_flora_water_e, layout_rooms, basic_ecumenical_altar,
          kennysheep_boxes
D:2:      minmay_razor_zed, layout_basic
D:3:      layout_loops_corners, lexackson_kobold_supper
D:4:      minmay_octagon_keep, layout_basic

Skill      XL: |  1  2  3 |
---------------+----------+-----
Fighting       | 3 |  3.7
Dodging        | 5 |  5.1
Short Blades   | |  3.2

Action                     |  1- 3 |  4- 6 || total
---------------------------+-------+-------++-------
  Melee: Short sword       |    13 |       ||    13
         Rapier            |    69 |       ||    69
         Punch             |     2 |       ||     2
    Use: Potion            |     1 |     1 ||     2
   Stab: Sleeping          |     4 |       ||     4
 Armour: Robe              |    26 |     2 ||    28
  Dodge: Dodged            |    67 |     3 ||    70

Table legend: (Time is in decaauts)
 A = Elapsed time spent in this place.
 B = Non-inter-level travel time spent in this place.
 C = Inter-level travel time spent in this place.
 D = Time resting spent in this place.
 E = Time spent auto-exploring this place.
 F = Levels seen in this place.
 G = Mean time per level.
                   A        B        C        D        E       F      G
               +--------+--------+--------+--------+--------+-----+--------+
         Total |    887 |    887 |      0 |      0 |    449 |   4 |  221.8 |
       Dungeon |    887 |    887 |      0 |      0 |    449 |   4 |  221.8 |
               +--------+--------+--------+--------+--------+-----+--------+

Top non-repeatable levels by time:
     D:3: 465 daAuts
     D:2: 239 daAuts
     D:4: 110 daAuts
     D:1: 72 daAuts
